LNP
UTUADO ARRIBENOS @ MAYAGUEZ CAPITANES
07/21/1903
 
TOP OF THE 1ST
Utuado Arribenos batting - Pitching for Mayaguez Capitanes : RHP Manuel Martínez
Pitching: RHP Manuel Martínez
Batting: LHB Gaudencio Ojeda 0-0: Ball
1-0: Fly out, F5 (Line Drive, 5L, EV 114 KM/H)
Batting: SHB Egidio Osorio 0-0: Fly out, F8 (Flyball, 8RM, EV 145 KM/H)
Batting: LHB Urbano Rivera 0-0: Foul Ball, location: 2F
0-1: Ball
1-1: Ball
2-1: Ball
3-1: Called Strike
3-2: Fly out, F4 (Popup, 34, EV 112 KM/H)
Top of the 1st over - 0 runs, 0 hits, 0 errors, 0 left on base; Utuado 0 - Mayaguez 0
BOTTOM OF THE 1ST
Mayaguez Capitanes batting - Pitching for Utuado Arribenos : RHP Celestino López
Pitching: RHP Celestino López
Batting: LHB Carlos de Jesús 0-0: Foul Ball, location: 2F
0-1: Ground out 3-1 (Groundball, 34, EV 160 KM/H)
Batting: RHB Fernando Martínez 0-0: Ball
1-0: Swinging Strike
1-1: Ball
2-1: Foul Ball, location: 5DF
2-2: Strikes out looking
Batting: RHB Eneas González 0-0: Ball
1-0: Called Strike
1-1: Ball
2-1: Called Strike
2-2: Fly out, F3 (Popup, 3SF, EV 111 KM/H)
Bottom of the 1st over - 0 runs, 0 hits, 0 errors, 0 left on base; Utuado 0 - Mayaguez 0
TOP OF THE 2ND
Utuado Arribenos batting - Pitching for Mayaguez Capitanes : RHP Manuel Martínez
Batting: SHB Roger Muir 0-0: Called Strike
0-1: Foul Ball, location: 25FF
0-2: Ball
1-2: Foul Ball, location: 2F
1-2: Ball
2-2: Ball
3-2: Ground out 4-3 (Groundball, 4MD, EV 169 KM/H)
Batting: RHB Rogelio Hernández 0-0: Foul Ball, location: 2F
0-1: Called Strike
0-2: Ball
1-2: Fly out, F7 (Flyball, 7, EV 152 KM/H)
Batting: LHB Marco Aguiar 0-0: Fly out, F6 (Popup, 6MD, EV 86 KM/H)
Top of the 2nd over - 0 runs, 0 hits, 0 errors, 0 left on base; Utuado 0 - Mayaguez 0
BOTTOM OF THE 2ND
Mayaguez Capitanes batting - Pitching for Utuado Arribenos : RHP Celestino López
Batting: RHB Segundo Román 0-0: Fly out, F8 (Flyball, 8RD, EV 164 KM/H)
Batting: RHB Luis Flores 0-0: Called Strike
0-1: Ground out U3 (Groundball, 34, EV 143 KM/H)
Batting: RHB Mórsimo Rodríguez 0-0: Ball
1-0: Ground out 3-1 (Groundball, 34S, EV 144 KM/H)
Bottom of the 2nd over - 0 runs, 0 hits, 0 errors, 0 left on base; Utuado 0 - Mayaguez 0
TOP OF THE 3RD
Utuado Arribenos batting - Pitching for Mayaguez Capitanes : RHP Manuel Martínez
Batting: RHB Alrigo García 0-0: Ball
1-0: Ball
2-0: Called Strike
2-1: Fly out, F4 (Popup, 34, EV 89 KM/H)
Batting: RHB Guarionex Garza 0-0: Swinging Strike
0-1: Foul Ball, location: 3SF
0-2: Ground out 6-3 (Groundball, 6, EV 163 KM/H)
Batting: RHB Diomedes Estopinán 0-0: Ball
1-0: Fly out, F9 (Flyball, 9LM, EV 148 KM/H)
Top of the 3rd over - 0 runs, 0 hits, 0 errors, 0 left on base; Utuado 0 - Mayaguez 0
BOTTOM OF THE 3RD
Mayaguez Capitanes batting - Pitching for Utuado Arribenos : RHP Celestino López
Batting: LHB Bartolomé García 0-0: Ball
1-0: Ball
2-0: Ball
3-0: Base on Balls
Batting: RHB Ángel Rodríguez 0-0: Swinging Strike
Bartolomé García is caught stealing 2nd base 2-4
0-1: Ball
1-1: Foul Ball, location: 3F
1-2: Foul Ball, location: 2F
1-2: Foul Ball, location: 2F
1-2: Foul Ball, location: 2F
1-2: Ball
2-2: Foul Ball, location: 2F
2-2: Fly out, F8 (Flyball, 8RM, EV 165 KM/H)
Batting: SHB Roberto Caballero 0-0: Ball
1-0: SINGLE (Line Drive, 89S, EV 139 KM/H)
Batting: LHB Carlos de Jesús 0-0: Called Strike
0-1: Ball
1-1: Ball
2-1: Ground out 4-3 (Groundball, 4, EV 138 KM/H)
Bottom of the 3rd over - 0 runs, 1 hit, 0 errors, 1 left on base; Utuado 0 - Mayaguez 0
TOP OF THE 4TH
Utuado Arribenos batting - Pitching for Mayaguez Capitanes : RHP Manuel Martínez
Batting: LHB Gaudencio Ojeda 0-0: SINGLE (Groundball, 4MS, EV 107 KM/H) (infield hit)
Batting: SHB Egidio Osorio 0-0: Called Strike
Gaudencio Ojeda steals 2nd base
0-1: Sac Bunt to 5S - play at first, batter OUT! 5-3
Gaudencio Ojeda to third
Batting: LHB Urbano Rivera 0-0: DOUBLE (Flyball, 8LXD, EV 157 KM/H)
Gaudencio Ojeda scores
Batting: SHB Roger Muir 0-0: Swinging Strike
0-1: Foul Ball, location: 3DF
0-2: Ball
1-2: SINGLE (Line Drive, 34D, EV 166 KM/H)
Urbano Rivera to third
Runner from 3rd tries for Home, SAFE, throw by RF to home
Batting: RHB Rogelio Hernández 0-0: Fielders Choice at 2nd, 3-6 (Groundball, 34, EV 132 KM/H)
Batting: LHB Marco Aguiar 0-0: Ball
1-0: Fly out, F7 (Flyball, 7S, EV 130 KM/H)
Top of the 4th over - 2 runs, 3 hits, 0 errors, 1 left on base; Utuado 2 - Mayaguez 0
BOTTOM OF THE 4TH
Mayaguez Capitanes batting - Pitching for Utuado Arribenos : RHP Celestino López
Batting: RHB Fernando Martínez 0-0: Ball
1-0: Called Strike
1-1: Swinging Strike
1-2: Strikes out swinging
Batting: RHB Eneas González 0-0: Ball
1-0: Ball
2-0: Ball
3-0: Called Strike
3-1: Fly out, F8 (Flyball, 8LD, EV 164 KM/H)
Batting: RHB Segundo Román 0-0: Ball
1-0: Ball
2-0: Foul Ball, location: 9LSF
2-1: SINGLE (Line Drive, 6D, EV 153 KM/H)
Batting: RHB Luis Flores 0-0: Ball
1-0: Foul Ball, location: 7LMFF
1-1: Ball
2-1: Fly out, F9 (Flyball, 9D, EV 176 KM/H)
Bottom of the 4th over - 0 runs, 1 hit, 0 errors, 1 left on base; Utuado 2 - Mayaguez 0
TOP OF THE 5TH
Utuado Arribenos batting - Pitching for Mayaguez Capitanes : RHP Manuel Martínez
Batting: RHB Alrigo García 0-0: Swinging Strike
0-1: Foul Ball, location: 2F
0-2: Foul Ball, location: 9LMF
0-2: Ball
1-2: Ball
2-2: Reached on error, E6 (Line Drive, 6, EV 114 KM/H)
DELAY Rain delay of 26 minutes in the 5th inning.
Batting: RHB Guarionex Garza 0-0: Called Strike
0-1: Ball
1-1: Called Strike
1-2: Ball
2-2: Fielders Choice at 2nd, 6-4 (Groundball, 56, EV 144 KM/H)
Batting: RHB Diomedes Estopinán 0-0: Ball
1-0: Ball
2-0: Fly out, F8 (Flyball, 89M, EV 152 KM/H)
Batting: LHB Gaudencio Ojeda 0-0: Ground out 3-1 (Groundball, 34S, EV 127 KM/H)
Top of the 5th over - 0 runs, 0 hits, 1 error, 1 left on base; Utuado 2 - Mayaguez 0
BOTTOM OF THE 5TH
Mayaguez Capitanes batting - Pitching for Utuado Arribenos : RHP Celestino López
Batting: RHB Mórsimo Rodríguez 0-0: Fly out, F9 (Flyball, 89M, EV 131 KM/H)
Batting: LHB Bartolomé García 0-0: Called Strike
0-1: Ball
1-1: Reached via error on a dropped throw from 2B, E3 (Groundball, 4, EV 137 KM/H)
Batting: RHB Ángel Rodríguez 0-0: Ball
Bartolomé García steals 2nd base
1-0: Foul Ball, location: 2F
1-1: Swinging Strike
1-2: Foul Ball, location: 9LDF
1-2: Ball
2-2: Foul Ball, location: 2F
2-2: Ball
Wild Pitch!
Bartolomé García to third
3-2: Reached via error on a dropped throw from SS, E3 (Groundball, 6M, EV 171 KM/H)
Batting: SHB Roberto Caballero 0-0: Ball
1-0: Ball
2-0: Called Strike
Ángel Rodríguez steals 2nd base (no throw)
2-1: Ball
3-1: Ground out 4-3 (Groundball, 4, EV 167 KM/H)
Batting: LHB Carlos de Jesús 0-0: Swinging Strike
0-1: Fly out, F8 (Flyball, 8LXD, EV 147 KM/H)
Bottom of the 5th over - 0 runs, 0 hits, 2 errors, 2 left on base; Utuado 2 - Mayaguez 0
TOP OF THE 6TH
Utuado Arribenos batting - Pitching for Mayaguez Capitanes : RHP Manuel Martínez
Batting: SHB Egidio Osorio 0-0: Swinging Strike
0-1: Swinging Strike
0-2: Ground out U3 (Groundball, 3L, EV 140 KM/H)
Batting: LHB Urbano Rivera 0-0: Foul Ball, location: 5F
0-1: Fly out, F7 (Flyball, 7LD, EV 154 KM/H)
Batting: SHB Roger Muir 0-0: Foul Ball, location: 2F
0-1: Foul Ball, location: 23F
0-2: Ball
1-2: Strikes out swinging
Top of the 6th over - 0 runs, 0 hits, 0 errors, 0 left on base; Utuado 2 - Mayaguez 0
BOTTOM OF THE 6TH
Mayaguez Capitanes batting - Pitching for Utuado Arribenos : RHP Celestino López
Batting: RHB Fernando Martínez 0-0: Ball
1-0: Swinging Strike
1-1: Foul Ball, location: 5F
1-2: Ball
2-2: Reached on error, E6 (Groundball, 6, EV 141 KM/H)
Batting: RHB Eneas González 0-0: Called Strike
0-1: SINGLE (Line Drive, 6MD, EV 158 KM/H)
Fernando Martínez to second
Runner from 2nd tries for 3rd, SAFE, throw by CF made to third
Batting: RHB Segundo Román 0-0: Called Strike
Eneas González steals 2nd base
0-1: Called Strike
0-2: Strikes out swinging
Batting: RHB Luis Flores 0-0: Ball
1-0: Ball
2-0: Called Strike
2-1: Foul Ball, location: 2RF
2-2: Fly out, F8 (Flyball, 8LD, EV 149 KM/H)
Runner from 3rd tags up, SCORES, no throw by CF
Batting: RHB Mórsimo Rodríguez 0-0: Ball
1-0: SINGLE (Line Drive, 34D, EV 159 KM/H)
Eneas González to third
Batting: LHB Bartolomé García 0-0: Foul Ball, location: 7LMF
0-1: Swinging Strike
0-2: Ball
1-2: Ball
2-2: SINGLE (Line Drive, 8RS, EV 141 KM/H)
Eneas González scores
Mórsimo Rodríguez to second
Runner from 2nd tries for 3rd, SAFE, throw by CF made to third
Batting: RHB Ángel Rodríguez 0-0: Ball
1-0: Ball
2-0: Called Strike
2-1: Fielders Choice at 2nd, U4 (Groundball, 4M, EV 129 KM/H)
Bottom of the 6th over - 2 runs, 3 hits, 1 error, 2 left on base; Utuado 2 - Mayaguez 2
TOP OF THE 7TH
Utuado Arribenos batting - Pitching for Mayaguez Capitanes : RHP Manuel Martínez
Batting: RHB Rogelio Hernández 0-0: Ground out 5-3 (Groundball, 56S, EV 148 KM/H)
Batting: LHB Marco Aguiar 0-0: Called Strike
0-1: Foul Ball, location: 2F
0-2: Ball
1-2: Ground out 6-3 (Groundball, 6S, EV 107 KM/H)
Batting: RHB Alrigo García 0-0: Ground out 6-3 (Groundball, 6, EV 133 KM/H)
Top of the 7th over - 0 runs, 0 hits, 0 errors, 0 left on base; Utuado 2 - Mayaguez 2
BOTTOM OF THE 7TH
Mayaguez Capitanes batting - Pitching for Utuado Arribenos : RHP Celestino López
Batting: SHB Roberto Caballero 0-0: Foul Ball, location: 5DF
0-1: Ball
1-1: Foul Ball, location: 3SF
1-2: Fly out, F8 (Flyball, 78M, EV 135 KM/H)
Batting: LHB Carlos de Jesús 0-0: SINGLE (Line Drive, 7S, EV 160 KM/H)
Batting: RHB Fernando Martínez 0-0: Called Strike
Carlos de Jesús steals 2nd base
0-1: Ball
1-1: SINGLE (Line Drive, 8LS, EV 163 KM/H)
Carlos de Jesús to third
Runner from 3rd tries for Home, SAFE, throw by CF to home
Batting: RHB Eneas González 0-0: Called Strike
Fernando Martínez is caught stealing 2nd base 2-4
0-1: Swinging Strike
0-2: Fly out, F7 (Flyball, 78S, EV 142 KM/H)
Bottom of the 7th over - 1 run, 2 hits, 0 errors, 0 left on base; Utuado 2 - Mayaguez 3
TOP OF THE 8TH
Utuado Arribenos batting - Pitching for Mayaguez Capitanes : RHP Manuel Martínez
Batting: RHB Guarionex Garza 0-0: Ball
1-0: Called Strike
1-1: Ball
2-1: Fly out, F8 (Flyball, 8RD, EV 168 KM/H)
Batting: RHB Diomedes Estopinán 0-0: Swinging Strike
0-1: Ground out 6-3 (Groundball, 6M, EV 137 KM/H)
Batting: LHB Gaudencio Ojeda 0-0: Ball
1-0: Called Strike
1-1: Called Strike
1-2: Fly out, F6 (Popup, 6MD, EV 82 KM/H)
Top of the 8th over - 0 runs, 0 hits, 0 errors, 0 left on base; Utuado 2 - Mayaguez 3
BOTTOM OF THE 8TH
Mayaguez Capitanes batting - Pitching for Utuado Arribenos : RHP Celestino López
Batting: RHB Segundo Román 0-0: Ball
1-0: Foul Ball, location: 9LDF
1-1: Called Strike
1-2: Foul Ball, location: 23F
1-2: Ground out 6-3 (Groundball, 6, EV 161 KM/H)
Batting: RHB Luis Flores 0-0: Ball
1-0: Called Strike
1-1: Ball
2-1: Ball
3-1: Called Strike
3-2: Foul Ball, location: 2F
3-2: Foul Ball, location: 3F
3-2: Foul Ball, location: 2F
3-2: Base on Balls
Batting: RHB Mórsimo Rodríguez 0-0: Ball
1-0: SINGLE (Line Drive, 34, EV 163 KM/H)
Luis Flores to second
Batting: LHB Bartolomé García 0-0: Ball
1-0: Fly out, F8 (Flyball, 89D, EV 146 KM/H)
Batting: RHB Ángel Rodríguez 0-0: Called Strike
0-1: Ball
1-1: Ground out 3-1 (Groundball, 34, EV 157 KM/H)
Bottom of the 8th over - 0 runs, 1 hit, 0 errors, 2 left on base; Utuado 2 - Mayaguez 3
TOP OF THE 9TH
Utuado Arribenos batting - Pitching for Mayaguez Capitanes : RHP Manuel Martínez
Now at 1B: Alcides Nicolás
Pinch Hitting: RHB Haffy Beattie 0-0: Ball
1-0: Called Strike
1-1: Ground out 1-3 (Groundball, 15S, EV 108 KM/H)
Batting: LHB Urbano Rivera 0-0: Called Strike
0-1: Swinging Strike
0-2: Fly out, F8 (Flyball, 8RXD, EV 171 KM/H)
Batting: SHB Roger Muir 0-0: Called Strike
0-1: Foul Ball, location: 25F
0-2: Ball
1-2: Fly out, F9 (Flyball, 89S, EV 132 KM/H)
Top of the 9th over - 0 runs, 0 hits, 0 errors, 0 left on base; Utuado 2 - Mayaguez 3
Monday, April 1st , 2024 - OOTP Baseball 25.2 Build 53